 Dungeon Crawl Stone Soup version 0.28.0 (webtiles) character file.

Game seed: 13199342392626678781

5448 DasRunzen the Thaumaturge (level 11, -5/78 HPs)
             Began as a Djinni Fire Elementalist on Feb 10, 2022.
             Was a Follower of Okawaru.
             Slain by an eight-headed hydra (10 damage)
             ... on level 1 of the Lair of Beasts.
             The game lasted 00:28:45 (13180 turns).

DasRunzen the Thaumaturge (DjFE)                   Turns: 13180, Time: 00:28:46

Health: -5/78      AC:  5    Str:  7    XL:     11   Next: 0%
Gold:   365        EV: 15    Int: 20    God:    Okawaru [*.....] SH:  5 Dex: 15

rFire   + + .      SeeInvis +   d - +5 dagger (vamp)
rCold   x . .      Faith    .   (no shield)
rNeg    . . .      Spirit   .   y - +0 troll leather armour
rPois   ∞          Reflect  +   (no helmet)
rElec   .          Harm     .   (no cloak)
rCorr   .          Rampage  .   (no gloves)
Will    +....                   (boots unavailable)
Stlth   ++........              e - amulet of reflection
HPRegen 1.03/turn               u - ring of see invisible
MPRegen 0.00/turn               (no ring)

@: flying, very slightly contaminated
A: sickness immunity, fire resistance 2, cold vulnerability 1, float, innate
caster, HP casting, extra vitality 1
a: Renounce Religion, Heroism


You were on level 1 of the Lair of Beasts.
You worshipped Okawaru.
Okawaru was aware of your devotion.
You visited 3 branches of the dungeon, and saw 11 of its levels.
You also visited: Sewer.

You collected 365 gold pieces.

Inventory:

Hand Weapons
 d - a +5 vampiric dagger (weapon)
Missiles
 s - a throwing net
Armour
 y - a +0 troll leather armour (worn)
Magical Staves
 l - a staff of earth
Jewellery
 e - an amulet of reflection (around neck)
 o - a ring of ice
 t - a ring of ice
 u - a ring of see invisible (left hand)
 v - a +4 ring of slaying
Wands
 m - a wand of acid (5)
 n - a wand of flame (13)
 r - a wand of iceblast (7)
Scrolls
 a - a scroll of brand weapon
 i - a scroll of immolation
 j - 3 scrolls of teleportation
 w - a scroll of fear
Potions
 b - 4 potions of attraction
 c - 2 potions of brilliance
 f - a potion of mutation
 g - 2 potions of ambrosia
 h - 5 potions of curing
 k - 2 potions of lignification
 p - a potion of heal wounds {unknown}
 q - a potion of resistance {unknown}


   Skills:
 + Level 6.9 Fighting
 + Level 6.8 Armour
 + Level 7.9 Dodging
 - Level 1.5 Stealth
 * Level 8.0 Spellcasting


You couldn't memorise any spells.
You knew the following spells:

 Your Spells              Type           Power      Damage    Failure   Level
a - Foxfire               Conj/Fire      100%       2x1d9     1%          1
b - Scorch                Fire           80%        2d9       1%          2
c - Conjure Flame         Conj/Fire      40%        6-21      1%          3
d - Inner Flame           Hex/Fire       40%        N/A       1%          3
e - Flame Wave            Conj/Fire      40%        2d9       4%          4
f - Beastly Appendage     Tmut           80%        N/A       1%          1
g - Searing Ray           Conj           80%        2d7       1%          2
h - Ignite Poison         Fire/Tmut/Pois 40%        N/A       1%          3
i - Summon Guardian Gole  Hex/Summ       40%        N/A       1%          3
j - Irradiate             Conj/Tmut      20%        3d20      12%         5
Your spell library was empty.

Dungeon Overview and Level Annotations

Branches:
Dungeon (9/15)             Temple (1/1) D:6            Lair (1/6) D:9
    Orc (0/2) D:9           Sewer (visited)

Altars:
Ashenzari
Cheibriados
Dithmenos
Elyvilon
Fedhas
Gozag
Kikubaaqudgha
Makhleb
Nemelex Xobeh
Okawaru
Qazlal
Ru
Sif Muna
Trog
Uskayaw
Vehumet
Wu Jian
Yredelemnul
Zin
The Shining One
Lugonu

Shops:
D:2 ?   D:7 *


Innate Abilities, Weirdness & Mutations

You are immune to sickness and miasma.
You are immune to poison.
Your flesh is very heat resistant. (rF++)
You are vulnerable to cold. (rC-)
You float through the air rather than walking.
You learn spells naturally, not from books.
Your magical power is your life essence.
You have superior vitality. (+4 MHP)


Message History

The eight-headed hydra closely misses you. x2
The eight-headed hydra misses you. The eight-headed hydra bites you.
The eight-headed hydra barely misses you.
The eight-headed hydra closely misses you.
You block the eight-headed hydra's attack.
Casting: Scorch (safe; 1% risk of failure)
Confirm with . or Enter, or press ? or * to list all spells.
You miscast Scorch.
You are very lightly contaminated with residual magic.
Nothing appears to happen.
The eight-headed hydra bites you. x2
You block the eight-headed hydra's attack. x2
The eight-headed hydra barely misses you.
You block the eight-headed hydra's attack.
The eight-headed hydra barely misses you.
The eight-headed hydra bites you.
Casting: Scorch (safe; 1% risk of failure)
Confirm with . or Enter, or press ? or * to list all spells.
Flames lash the eight-headed hydra.
The eight-headed hydra is burned terribly!
The eight-headed hydra is almost dead.
The eight-headed hydra bites you. The eight-headed hydra misses you.
The eight-headed hydra closely misses you.
The eight-headed hydra bites you.
The eight-headed hydra bites you but does no damage.
The eight-headed hydra barely misses you.
The eight-headed hydra bites you!
* * * LOW HITPOINT WARNING * * *
The eight-headed hydra bites you!
* * * LOW HITPOINT WARNING * * *
Casting: Scorch (safe; 1% risk of failure)
Confirm with . or Enter, or press ? or * to list all spells.
Flames lash the eight-headed hydra.
The eight-headed hydra is burned terribly!
The eight-headed hydra is almost dead.
* * * LOW HITPOINT WARNING * * *
The eight-headed hydra completely misses you.
You block the eight-headed hydra's attack.
The eight-headed hydra bites you but does no damage.
The eight-headed hydra bites you!
You die...

### #####..## ####
#.......### ###..####
..........## ##.......#
...........# #.........
...........# ##.........
...........###.#........
##
......D.................
.##
.......@................
..##
..........#######....##.
...## ###...#P###
###..### ....## ##..####
##..## .....### #P..#
##..# .......####..##
##.. .......##.#.P.####
#.. .................#
#.#. .................#
####


You could see an eight-headed hydra (combustible).

Vanquished Creatures
  A two-headed ogre (D:8)
  A kobold demonologist (D:9)
  A hornet (D:7)
  Prince Ribbit (D:5)
  A troll (D:9)
  A steam dragon (D:9)
  Menkaure (D:5)
  5 water moccasins
  2 black bears
  A necrophage (D:4)
  A hornet zombie (D:9)
  A sky beast (D:6)
  3 centaurs
  A phantom (D:6)
  2 kobold brigands
  2 bullfrogs
  A gnoll sergeant (D:9)
  2 scorpions
  13 killer bees
  2 water moccasin skeletons (D:4)
  2 jellies (D:7)
  7 wights (D:7)
  3 centaur zombies
  A hound (D:7)
  A bullfrog zombie (D:5)
  2 gnoll shamans
  2 orc priests
  A centaur skeleton (D:7)
  Terence (D:2)
  4 iguanas
  Natasha (D:3)
  2 orc wizards
  2 scorpion zombies (D:5)
  A hound zombie (D:3)
  Robin (D:4)
  2 howler monkey skeletons
  10 adders
  13 gnolls
  2 river rats (Sewer)
  A white imp (D:5)
  An ufetubus (D:6)
  An adder zombie (D:3)
  4 worms
  2 dart slugs
  16 orcs
  8 ball pythons
  8 endoplasms
  7 giant cockroaches
  18 goblins
  12 hobgoblins
  14 kobolds
  10 quokkas
  5 bats
  10 frilled lizards
  10 rats
228 creatures vanquished.

Vanquished Creatures (others)
  230 foxfires
230 creatures vanquished.

Grand Total: 458 creatures vanquished

Notes
Turn   | Place    | Note
-------+----------+-------------------------------------------
     0 | D:1      | DasRunzen the Djinni Fire Elementalist began the quest for
                  | the Orb.
     0 | D:1      | Reached XP level 1. HP: 15/15 MP: 0/0
    60 | D:1      | Reached XP level 2. HP: 14/22 MP: 0/0
   650 | D:1      | Reached XP level 3. HP: 24/26 MP: 0/0
   650 | D:1      | Learned a level 1 spell: Beastly Appendage
   821 | D:1      | Reached skill level 1 in Armour
   822 | D:1      | Reached skill level 1 in Fighting
   885 | D:1      | You are sucked into a shaft and drop 1 floor!
  1193 | D:1      | Reached XP level 4. HP: 31/32 MP: 0/0
  1234 | D:1      | Found a faded altar of an unknown god.
  1305 | D:1      | Reached skill level 3 in Spellcasting
  1619 | D:2      | Found Guprinou's Magic Scroll Boutique.
  2102 | D:2      | Noticed Terence
  2109 | D:2      | Killed Terence
  2110 | D:2      | Reached XP level 5. HP: 10/37 MP: 0/0
  2110 | D:2      | Learned a level 2 spell: Searing Ray
  3124 | D:3      | Found a burning altar of Makhleb.
  3225 | D:3      | Noticed Natasha
  3228 | D:3      | Killed Natasha
  3475 | D:3      | Found a basalt altar of Yredelemnul.
  3574 | D:4      | Reached XP level 6. HP: 36/43 MP: 0/0
  4061 | D:4      | Found a glowing drain.
  4068 | Sewer    | Entered a sewer
  4373 | Sewer    | Reached skill level 4 in Spellcasting
  4378 | Sewer    | Reached XP level 7. HP: 34/49 MP: 0/0
  4378 | Sewer    | Learned a level 3 spell: Ignite Poison
  5121 | D:4      | Noticed Robin
  5492 | D:4      | Killed Robin
  5658 | D:5      | Entered Level 5 of the Dungeon
  5698 | D:5      | Noticed Menkaure
  6105 | D:5      | Noticed a water moccasin
  6113 | D:5      | Killed a water moccasin
  6114 | D:5      | Reached XP level 8. HP: 18/56 MP: 0/0
  6518 | D:5      | Reached skill level 5 in Spellcasting
  6562 | D:5      | Reached skill level 5 in Dodging
  6882 | D:5      | Killed Menkaure
  6929 | D:5      | Noticed Prince Ribbit
  6940 | D:5      | Killed Prince Ribbit
  6941 | D:5      | Reached XP level 9. HP: 42/63 MP: 0/0
  6941 | D:5      | Learned a level 3 spell: Summon Guardian Golem
  7400 | D:6      | Found a staircase to the Ecumenical Temple.
  7408 | Temple   | Entered the Ecumenical Temple
  7873 | D:6      | Reached skill level 6 in Spellcasting
  8175 | D:6      | Found a white marble altar of Elyvilon.
  8181 | D:6      | Found a sparkling altar of Nemelex Xobeh.
  8183 | D:6      | Found a broken altar of Ashenzari.
  8183 | D:6      | Found a sacrificial altar of Ru.
  8184 | D:6      | Found a blossoming altar of Fedhas.
  8188 | D:6      | Found an ornate altar of the Wu Jian Council.
  8229 | D:6      | Reached skill level 5 in Fighting
  8564 | D:7      | Reached skill level 5 in Armour
  9416 | D:7      | Noticed a hornet
  9426 | D:7      | Killed a hornet
  9427 | D:7      | Reached XP level 10. HP: 49/72 MP: 0/0
  9904 | D:7      | Found Sail's Assorted Antiques.
  9938 | D:7      | Reached skill level 7 in Spellcasting
 10928 | D:8      | Noticed a two-headed ogre
 10935 | D:8      | Killed a two-headed ogre
 11423 | D:9      | Noticed a kobold demonologist
 11427 | D:9      | Killed a kobold demonologist
 11677 | D:9      | Found an iron altar of Okawaru.
 11680 | D:9      | Found a staircase to the Lair.
 11690 | D:9      | Became a worshipper of Warmaster Okawaru
 11867 | D:9      | Found a stormy altar of Qazlal.
 11881 | D:9      | Found a staircase to the Orcish Mines.
 12443 | D:9      | Reached * piety under Okawaru
 12594 | D:9      | Found a snail-covered altar of Cheibriados.
 12631 | D:9      | Reached skill level 8 in Spellcasting
 12897 | Lair:1   | Entered Level 1 of the Lair of Beasts
 12907 | Lair:1   | Reached XP level 11. HP: 76/78 MP: 0/0
 12907 | Lair:1   | Learned a level 5 spell: Irradiate
 13001 | Lair:1   | Noticed an eight-headed hydra
 13180 | Lair:1   | Slain by an eight-headed hydra

Illustrated notes

Levels and vault maps discovered:
D:1:      erik_arrival_blinker_ship, layout_loops_corners,
          dreamdust_ecumenical_altar_hidden_monk_grotto, minmay_misc_feat_x,
          st_stairs_1, minivault_26, minivault_23,
          chequers_serial_rivers_micro_e
D:2:      layout_rooms, serial_shops,
          nicolae_shop_temple_entry_statues_fountains, minmay_misc_feat_room,
          uniq_terence
D:3:      layout_loops_ring, mainiacjoe_overflow_cross_hatched,
          lemuel_zombie_altar_yredelemnul, hangedman_feature_mirror,
          uniq_natasha
D:4:      layout_basic, gup_sewer_entry_pipe, uniq_robin
D:5:      layout_basic, lemuel_old_faithful, uniq_prince_ribbit1, uniq_menkaure
D:6:      layout_rooms, nicolae_overflow_hallway_of_the_gods,
          minmay_temple_entry_trees
D:7:      layout_cave_pods, serial_shops, nicolae_shop_hallway_plus
D:8:      layout_basic
D:9:      layout_gridville, mainiacjoe_overflow_chevrons,
          mainiacjoe_overflow_paths, minitemple, lair_entry_dummy, orc_0_dummy
Temple:   corrupted_temple
Lair:1:   layout_cave_pods

Skill      XL: |  1  2  3  4  5  6  7  8  9 10 |
---------------+-------------------------------+-----
Armour         | 1 2 3 4 5 6 |  6.8
Fighting       | 1 2 3 4 5 6 |  6.9
Spellcasting   | 3 4 5 6 8 |  8.0
Dodging        | 3 4 5 6 7 |  7.9
Stealth        | |  1.5

Action                   |  1- 3 |  4- 6 |  7- 9 | 10-12 || total
-------------------------+-------+-------+-------+-------++-------
Melee: Unarmed           |       |     1 |       |       ||     1
       Dagger            |       |     1 |    16 |     2 ||    19
 Cast: Foxfire           |    34 |    44 |    46 |    13 ||   137
       Scorch            |    11 |    71 |   129 |    67 ||   278
       Inner Flame       |       |       |     8 |    11 ||    19
       Conjure Flame     |       |       |     1 |     1 ||     2
       Searing Ray       |       |       |       |     7 ||     7
       Flame Wave        |       |       |       |     6 ||     6
  Use: Scroll            |       |     3 |    14 |     5 ||    22
 Stab: Sleeping          |       |       |       |     1 ||     1
Armor: Robe              |       |     4 |    12 |     1 ||    17
       Troll leather arm |       |       |       |     4 ||     4
Dodge: Dodged            |     1 |    10 |    49 |    57 ||   117
Block: Other             |       |     5 |    19 |    22 ||    46
       Reflection        |       |     1 |     4 |     3 ||     8
